 Dungeon Crawl Stone Soup version 0.18.1-48-g4cf74bf (webtiles) character file.

265 Heedrag the Conjurer (level 5, -2/28 HPs)
             Began as a Deep Elf Conjurer on Aug 13, 2016.
             Slain by Grinder (9 damage)
             ... while paralysed by Grinder
             ... on level 3 of the Dungeon.
             The game lasted 00:06:40 (2637 turns).

Heedrag the Conjurer (Deep Elf Conjurer)            Turns: 2637, Time: 00:06:42

Health: -2/28      AC:  3    Str:  6    XL:     5   Next: 99%
Magic:  9/14       EV:  2    Int: 20    God:
Gold:   172        SH:  0    Dex: 15    Spells: 3 memorised, 4 levels left

rFire  . . .     SeeInvis .     p - +2 quarterstaff (chaos)
rCold  . . .     Gourm    .     a - +0 robe
rNeg   . . .     Faith    .     (shield currently unavailable)
rPois  .         Spirit   .     (no helmet)
rElec  .         Dismiss  .     q - +0 cloak
rCorr  .         Reflect  .     (no gloves)
SustAt .         Harm     .     (no boots)
MR     .....                    (no amulet)
Stlth  ++........               (no ring)
                                (no ring)

@: paralysed, not resistant to hostile enchantments, unstealthy
A: no striking features
a: no special abilities


You were on level 3 of the Dungeon.
You were not hungry.

You visited 1 branch of the dungeon, and saw 3 of its levels.

You collected 172 gold pieces.

Inventory:

Hand Weapons
 p - a +2 quarterstaff of chaos (weapon)
Armour
 a - a +0 robe (worn)
 n - a +0 buckler
 q - a +0 cloak (worn)
Wands
 s - a wand of polymorph (10/24)
Scrolls
 e - 4 scrolls of identify {unknown}
 f - a scroll of teleportation {unknown}
 i - 4 scrolls of remove curse {unknown}
 k - a scroll of fear {unknown}
Potions
 d - 2 potions of lignification {unknown}
 g - 2 potions of might {unknown}
 h - a potion of cure mutation {unknown}
 j - a potion of magic {unknown}
 l - a potion of heal wounds {unknown}
 m - a potion of agility
Books
 b - a book of Conjurations

   Spells                             Type                      Level
   a - Magic Dart                     Conjuration                  1
   b - Searing Ray                    Conjuration                  2
   c - Dazzling Spray                 Conjuration/Hexes            3
   d - Fulminant Prism                Conjuration/Hexes            4
   e - Iskenderun's Mystic Blast      Conjuration                  4
   f - Iskenderun's Battlesphere      Conjuration/Charms           5
Comestibles
 c - 3 bread rations
 o - a beef jerky
 r - a slice of pizza
 t - 5 chunks of flesh


   Skills:
 - Level 2.4 Dodging
 - Level 2.4 Stealth
 + Level 5.3 Spellcasting
 * Level 7.0 Conjurations
 + Level 0.4 Charms


You had 4 spell levels left.
You knew the following spells:

 Your Spells              Type           Power        Failure   Level  Hunger
a - Magic Dart            Conj           ####         1%          1    None
b - Iskenderun's Mystic   Conj           ####....     10%         4    ####...
c - Iskenderun's Battles  Conj/Chrm      ###.....     71%         5    #####..


Dungeon Overview and Level Annotations

Branches:
Dungeon (3/15)

Altars:

Annotations:
D:2 Ijyb
D:3 Grinder


Message History

Aimin': Magic Dart
Press: ? - help, Shift-Dir - straight line, f/p - Grinder
Aim: Grinder (lightly wounded) Tha magic dart hits Grinder.
Grinder be moderately wounded.
Grinder hits ye.
Ye writha in agony.
Castin': Magic Dart Confirm wit' . or Enter, or press ? or * ta list all spells.
Aimin': Magic Dart
Press: ? - help, Shift-Dir - straight line, f/p - Grinder
Aim: Grinder (moderately wounded) Tha magic dart hits Grinder.
Grinder be heavily wounded.
Grinder gestures at ye.
Ye sudd'nly lose tha ability ta move!
Grinder hits ye.
Ye writha in agony.
Grinder hits ye!
Ye writha in agony.
* * * LOW HITPOINT WARNIN'
* * * Grinder hits ye!
Ye die...

###.#.#..#........<#
.........#.#.......#
#).................#
...................#
...................#
#.....†....<....### #
#.....<.........# ..#
#...........##..###....#
#........######.@5.....#
#........ ###......#
........ ##....# ####
...# ..# .# #


You could see Grinder.

Vanquished Creatures
  Crazy Yiuf (D:2)
  Jessica (D:2)
  Natasha (D:3)
  9 adders
  A worm (D:2)
  4 dart slugs
  5 giant geckos
  3 giant cockroaches
  10 hobgoblins
  11 jackals
  5 kobolds
  A quokka (D:2)
  6 bats
  7 giant newts
  13 goblins
  12 rats
90 creatures vanquished.

Notes
Turn   | Place    | Note
--------------------------------------------------------------
     0 | D:1      | Heedrag the Deep Elf Conjurer began the quest for the Orb.
     0 | D:1      | Reached XP level 1. HP: 10/10 MP: 6/6
   350 | D:1      | Reached XP level 2. HP: 15/15 MP: 5/8
   507 | D:1      | Reached skill level 5 in Conjurations
   638 | D:1      | Reached XP level 3. HP: 19/19 MP: 2/10
  1224 | D:2      | Noticed Jessica
  1226 | D:2      | Killed Jessica
  1226 | D:2      | Reached XP level 4. HP: 24/24 MP: 8/12
  1480 | D:2      | Found a faded altar to an unknown god.
  1481 | D:2      | Reached skill level 6 in Conjurations
  1552 | D:2      | Learned a level 4 spell: Iskenderun's Mystic Blast
  1608 | D:2      | Noticed Crazy Yiuf
  1615 | D:2      | Killed Crazy Yiuf
  1615 | D:2      | Reached XP level 5. HP: 28/28 MP: 8/14
  1966 | D:2      | Noticed Ijyb
  2394 | D:3      | Reached skill level 5 in Spellcasting
  2458 | D:3      | Noticed Natasha
  2464 | D:3      | Killed Natasha
  2524 | D:3      | Reached skill level 7 in Conjurations
  2537 | D:3      | Noticed Natasha
  2620 | D:3      | Learned a level 5 spell: Iskenderun's Battlesphere
  2629 | D:3      | Noticed Grinder
  2634 | D:3      | Paralysed by Grinder for 6 turns
  2637 | D:3      | Slain by Grinder

Skill      XL: |  1  2  3  4  5 |
---------------+----------------+-----
Conjurations   | 5 6 7 |  7.0
Spellcasting   | 4 5 |  5.3
Dodging        | |  2.4
Stealth        | |  2.4
Charms         | |  0.4

Action                   |  1- 3 |  4- 6 || total
-------------------------+-------+-------++-------
Melee: Unarmed           |    10 |       ||    10
       Quarterstaff      |       |     1 ||     1
 Cast: Magic Dart        |    73 |   123 ||   196
  Eat: Chunk             |     1 |     4 ||     5
Armor: Robe              |     2 |     9 ||    11
Dodge: Dodged            |    11 |    19 ||    30
